 Dungeon Crawl Stone Soup version 0.29.0-4-gdea44cf6ec (webtiles) character file.

Game seed: 12845677362834760746

112 qw the Chopper (level 4, -2/26 HPs)
             Began as a Tengu Warper on Aug 28, 2022.
             Slain by Grinder (6 damage)
             ... while paralysed by Grinder
             ... on level 4 of the Dungeon.
             The game lasted 00:00:18 (3315 turns).

qw the Chopper (Tengu Warper)                       Turns: 3315, Time: 00:00:18

Health: -2/26      AC:  8    Str: 18 (19) XL:     4   Next: 95%
Magic:  8/8        EV:  2    Int: 11 (13) God:
Gold:   229        SH:  0    Dex: 12 (14) Spells: 7/7 levels left

rFire   . . .      SeeInvis .   Y - +0 war axe
rCold   . . .      Faith    .   (no shield)
rNeg    . . .      Spirit   .   g - +0 chain mail
rPois   +          Reflect  +   (helmet restricted)
rElec   .          Harm     .   (no cloak)
rCorr   .          Rampage  .   (no gloves)
Will    .....                   (boots unavailable)
Stlth   ..........              b - amulet of reflection
HPRegen 0.08/turn               p - +6 ring of strength
MPRegen 0.11/turn               a - ring of poison resistance

@: paralysed
A: beak, talons 3
a: no special abilities


You were on level 4 of the Dungeon.
You visited 1 branch of the dungeon, and saw 4 of its levels.

You collected 229 gold pieces.


Innate Abilities, Weirdness & Mutations

You have a beak for a mouth.
You have claws for feet.


   Skills:
 - Level 2.0 Fighting
 + Level 5.4 Axes
 - Level 1.0 Throwing
 - Level 1.1 Armour
 - Level 2.1 Dodging
 - Level 2.0 Spellcasting
 - Level 2.4 Translocations


You had 7 spell levels left.
You didn't know any spells.
Your spell library contained the following spells:

 Spells                   Type           Power      Damage    Failure   Level
 Blink                    Tloc           12%        N/A       94%         2
 Gell's Gravitas          Tloc           6%         N/A       99%         3
 Lesser Beckoning         Tloc           6%         N/A       99%         3
 Teleport Other           Tloc           6%         N/A       99%         3
 Manifold Assault         Tloc           6%         N/A       100%        5

Inventory:

Hand Weapons
 d - a +0 whip
 Y - a +0 war axe (weapon)
Missiles
 f - 3 boomerangs
 n - 3 javelins (quivered)
Armour
 g - a +0 chain mail (worn)
Jewellery
 a - a ring of poison resistance (right hand)
 b - an amulet of reflection (around neck)
 p - a +6 ring of strength (left hand)
Scrolls
 c - 3 scrolls of teleportation
 o - a scroll of identify
Potions
 h - a potion of curing {unknown}
 i - a potion of flight {unknown}
 j - a potion of mutation {unknown}
 k - 2 potions of cancellation
 l - a potion of haste
 m - a potion of might {unknown}

Dungeon Overview and Level Annotations

Branches:
Dungeon (4/15)
 Temple: D:4-7

Altars:
Nemelex Xobeh
Ru

Shops:
D:1 =

Annotations:
D:4 Grinder


Message History

Grinder is heavily wounded.
Grinder hits you but does no damage.
You closely miss Grinder.
Grinder is heavily wounded.
Grinder hits you.
Grinder blinks!
3298 ||| FLEEEEING.
There is a stone staircase leading up here.
Grinder gestures at you.
You suddenly lose the ability to move!
Grinder says, "Just stop there for a second..."
Grinder blinks!
You can move again.
3305 ||| Stepping ~*~*~tactically~*~*~ (hiding).
3306 ||| Stepping ~*~*~tactically~*~*~ (hiding).
You start resting.
Grinder is nearby!
Grinder barely misses you.
You barely miss Grinder. You claw Grinder, but do no damage.
Grinder is moderately wounded.
Grinder hits you but does no damage.
You closely miss Grinder. You claw Grinder!
Grinder is heavily wounded.
Grinder hits you but does no damage.
You barely miss Grinder.
Grinder is heavily wounded.
Grinder hits you.
You writhe in agony.
You closely miss Grinder. Your kick misses Grinder.
Grinder is heavily wounded.
Grinder gestures at you. You resist with significant effort.
You block Grinder's attack.
You closely miss Grinder. Your peck misses Grinder.
Grinder is heavily wounded.
Grinder says, "DUCK!"
Grinder gestures at you.
You suddenly lose the ability to move!
Grinder gestures at you. Pain shoots through your body!
Ouch! That really hurt!
Grinder hits you.
You die...

#.. #.# .. ### #.##.# #5# .. #..
#.##.# #.# .# #.# #.##.# #)# ..
#.# #.##.# #.# #. #.# #.##.# #.#
# #.######.## #.##.# #.#
#.....<...#####.##.#####.#######
########..##...@##..............
#...<....5........###.###
##.##...###.###.#.#
#.########.###.#.#
#................#
##########.###.... #.......#
#.###.... #.# ##..##


You could see Grinder.

Vanquished Creatures
  4 adders
  A worm (D:3)
  A dart slug (D:2)
  2 orcs (D:3)
  7 endoplasms
  3 giant cockroaches
  3 goblins
  8 hobgoblins
  3 jackals (D:2)
  11 kobolds
  A quokka (D:2)
  7 ball pythons
  7 bats
  2 frilled lizards (D:2)
  5 rats
65 creatures vanquished.

Notes
Turn   | Place    | Note
-------+----------+-------------------------------------------
     0 | D:1      | qw the Tengu Warper began the quest for the Orb.
     0 | D:1      | Reached XP level 1. HP: 12/12 MP: 4/4
     0 | D:1      | 0 ||| qw: Version: 0.1-a-89-g26bdef1
     0 | D:1      | 0 ||| qw: Game counter: 629
     0 | D:1      | 0 ||| qw: Always use a shield: true
     0 | D:1      | 0 ||| qw: God list: Okawaru
     0 | D:1      | 0 ||| qw: Allow faded altars: false
     0 | D:1      | 0 ||| qw: Do Orc after D:15 true
     0 | D:1      | 0 ||| qw: Do second Lair branch before Depths: true
     0 | D:1      | 0 ||| qw: Lair rune preference: random
     0 | D:1      | 0 ||| qw: Plans: Normal
     0 | D:1      | 0 ||| PLANNING D:1-11
   135 | D:1      | Reached XP level 2. HP: 10/17 MP: 6/6
   140 | D:1      | Reached skill level 3 in Axes
   263 | D:1      | 263 ||| DROPPING +0 club.
   323 | D:1      | 323 ||| Stepping ~*~*~tactically~*~*~ (stealth).
   326 | D:1      | 326 ||| Stepping ~*~*~tactically~*~*~ (stealth).
   546 | D:1      | 546 ||| Stepping ~*~*~tactically~*~*~ (stealth).
   548 | D:1      | 548 ||| Stepping ~*~*~tactically~*~*~ (stealth).
   630 | D:1      | 630 ||| Stepping ~*~*~tactically~*~*~ (stealth).
   632 | D:1      | 632 ||| Stepping ~*~*~tactically~*~*~ (stealth).
   636 | D:1      | 636 ||| Stepping ~*~*~tactically~*~*~ (stealth).
   648 | D:1      | Reached XP level 3. HP: 21/21 MP: 7/7
   680 | D:1      | Found a faded altar of an unknown god.
   743 | D:1      | Found Cuunix's Jewellery Emporium.
   753 | D:1      | 753 ||| SHOPLISTING ring "Butiaf" {Drain rPois rC+ Int+9
                  | SInv} (604 gold, have 64).
   753 | D:1      | 753 ||| SHOPLISTING ring of poison resistance (260 gold,
                  | have 64).
   753 | D:1      | 753 ||| SHOPLISTING ring of resist corrosion (260 gold,
                  | have 64).
   844 | D:1      | 844 ||| READING scroll labelled ITERYA CUAGOMU.
   845 | D:1      | 845 ||| READING scroll labelled QOIMAA LEUSI.
   846 | D:1      | 846 ||| DROPPING scroll of blinking.
   876 | D:2      | 876 ||| Stepping ~*~*~tactically~*~*~ (stealth).
   924 | D:2      | Reached skill level 4 in Axes
  1018 | D:2      | 1018 ||| Stepping ~*~*~tactically~*~*~ (stealth).
  1069 | D:2      | 1069 ||| Stepping ~*~*~tactically~*~*~ (stealth).
  1071 | D:2      | 1071 ||| Stepping ~*~*~tactically~*~*~ (stealth).
  1101 | D:2      | 1101 ||| Stepping ~*~*~tactically~*~*~ (stealth).
  1104 | D:2      | 1104 ||| Stepping ~*~*~tactically~*~*~ (stealth).
  1408 | D:2      | 1408 ||| Stepping ~*~*~tactically~*~*~ (stealth).
  1416 | D:2      | 1416 ||| FLEEEEING.
  1417 | D:2      | 1417 ||| FLEEEEING.
  1418 | D:2      | 1418 ||| FLEEEEING.
  1419 | D:2      | 1419 ||| FLEEEEING.
  1420 | D:2      | 1420 ||| FLEEEEING.
  1421 | D:2      | 1421 ||| FLEEEEING.
  1422 | D:2      | 1422 ||| FLEEEEING.
  1423 | D:2      | 1423 ||| FLEEEEING.
  1424 | D:2      | 1424 ||| FLEEEEING.
  1425 | D:2      | 1425 ||| FLEEEEING.
  1426 | D:2      | 1426 ||| FLEEEEING.
  1427 | D:2      | 1427 ||| FLEEEEING.
  1428 | D:2      | 1428 ||| STAIRDANCE
  1511 | D:1      | 1511 ||| UPGRADING to +0 chain mail.
  1521 | D:1      | 1521 ||| DROPPING +0 leather armour.
  1522 | D:1      | 1522 ||| READING scroll labelled VOONEIS EPPEIH.
  1523 | D:1      | 1523 ||| READING 2 scrolls labelled ANKORH ZOERUA.
  1527 | D:1      | 1527 ||| DRINKING 2 sedimented grey potions.
  1528 | D:1      | 1528 ||| DRINKING 2 sapphire potions.
  1529 | D:1      | 1529 ||| DROPPING potion of degeneration.
  1530 | D:1      | 1530 ||| DROPPING potion of brilliance.
  1580 | D:2      | Reached XP level 4. HP: 26/26 MP: 8/8
  1687 | D:2      | Found a sparkling altar of Nemelex Xobeh.
  1715 | D:2      | 1715 ||| Stepping ~*~*~tactically~*~*~ (stealth).
  1716 | D:2      | 1716 ||| Stepping ~*~*~tactically~*~*~ (stealth).
  1859 | D:2      | 1859 ||| Stepping ~*~*~tactically~*~*~ (stealth).
  1969 | D:2      | 1969 ||| SWAPPING to +0 war axe.
  1970 | D:2      | 1970 ||| DROPPING +0 hand axe.
  1971 | D:2      | 1971 ||| READING scroll labelled UQOQAU WAAMPE.
  2112 | D:2      | 2112 ||| DRINKING 2 smoky black potions.
  2191 | D:3      | Reached skill level 5 in Axes
  2427 | D:3      | Found a sacrificial altar of Ru.
  2966 | D:3      | 2966 ||| UPGRADING to amulet of reflection.
  2971 | D:3      | 2971 ||| UPGRADING to +6 ring of strength.
  2972 | D:3      | 2972 ||| READING 2 scrolls labelled PUIR UNATY.
  2973 | D:3      | 2973 ||| DRINKING 3 fuming pink potions.
  2974 | D:3      | 2974 ||| READING 2 scrolls of identify.
  2974 | D:3      | 2974 ||| IDENTIFYING fizzy white potion
  2975 | D:3      | 2975 ||| DROPPING potion of magic.
  2976 | D:3      | 2976 ||| DROPPING scroll of noise.
  3065 | D:4      | Noticed Grinder
  3070 | D:4      | 3070 ||| Stepping ~*~*~tactically~*~*~ (hiding).
  3078 | D:4      | 3078 ||| FLEEEEING.
  3080 | D:4      | 3080 ||| FLEEEEING.
  3091 | D:4      | 3091 ||| FLEEEEING.
  3092 | D:4      | 3092 ||| FLEEEEING.
  3093 | D:4      | 3093 ||| FLEEEEING.
  3094 | D:4      | 3094 ||| FLEEEEING.
  3095 | D:4      | 3095 ||| FLEEEEING.
  3096 | D:4      | 3096 ||| FLEEEEING.
  3102 | D:4      | 3102 ||| FLEEEEING.
  3103 | D:4      | 3103 ||| FLEEEEING.
  3104 | D:4      | 3104 ||| FLEEEEING.
  3106 | D:4      | 3106 ||| FLEEEEING.
  3107 | D:4      | 3107 ||| FLEEEEING.
  3108 | D:4      | 3108 ||| STAIRDANCE
  3288 | D:3      | 3288 ||| UPGRADING to ring of poison resistance.
  3292 | D:4      | Paralysed by Grinder for 3 turns
  3298 | D:4      | 3298 ||| FLEEEEING.
  3301 | D:4      | Paralysed by Grinder for 4 turns
  3305 | D:4      | 3305 ||| Stepping ~*~*~tactically~*~*~ (hiding).
  3306 | D:4      | 3306 ||| Stepping ~*~*~tactically~*~*~ (hiding).
  3313 | D:4      | Paralysed by Grinder for 5 turns
  3314 | D:4      | HP: 4/26 [Grinder/nerve-wracking pain (13)]
  3315 | D:4      | Slain by Grinder

Levels and vault maps discovered:
D:1:      lightli_arrival_flooded_house, layout_basic, serial_shops,
          nicolae_lakefront_shop, basic_ecumenical_altar
D:2:      layout_basic, basic_altar, minmay_randomly_rotated_circles
D:3:      layout_basic, nicolae_ru_great_annihilating_truth
D:4:      layout_loops_ring, minmay_temple_entry_waves, uniq_crazy_yiuf_cottage,
          uniq_duvessa, uniq_grinder

Skill      XL: |  1  2  3  4 |
---------------+-------------+-----
Axes           | 3 4 5 |  5.4
Fighting       | |  2.0
Throwing       | |  1.0
Armour         | |  1.1
Dodging        | |  2.1
Spellcasting   | |  2.0
Translocations | |  2.4

Action                   |  1- 3 |  4- 6 || total
-------------------------+-------+-------++-------
Melee: Hand axe          |    73 |    14 ||    87
       Peck              |     7 |     3 ||    10
       Kick              |     8 |    13 ||    21
       War axe           |       |    30 ||    30
Throw: Boomerang         |    50 |     2 ||    52
       Javelin           |     3 |    25 ||    28
  Use: Scroll            |     4 |     3 ||     7
       Potion            |     2 |     2 ||     4
 Stab: Paralysed         |       |     1 ||     1
Armor: Leather armour    |    21 |       ||    21
       Chain mail        |       |    21 ||    21
Dodge: Dodged            |    53 |     8 ||    61
Block: Other             |       |     2 ||     2

Table legend:
 A = Non-vault XP
 B = Vault XP
 C = Vault XP percentage of total XP
 D = Non-vault monster count
 E = Vault monster count
 F = Vault count percentage of total count
                 A         B        C        D         E       F
            +---------+---------+-------+---------+---------+-------
      Total |     133 |      28 |  17.4 |      55 |      10 |  15.4
            +---------+---------+-------+---------+---------+-------
        D:1 |      36 |       0 |   0.0 |      23 |       0 |   0.0
        D:2 |      64 |      10 |  13.5 |      23 |       6 |  20.7
        D:3 |      28 |      18 |  39.1 |       6 |       4 |  40.0
        D:4 |       5 |       0 |   0.0 |       3 |       0 |   0.0
            +---------+---------+-------+---------+---------+-------
